 Dungeon Crawl Stone Soup version 0.19.0-19-g8c6edcc (webtiles) character file.

14 kroki the Scratcher (level 2, -3/12 HPs)
             Began as a Felid Transmuter on Nov 14, 2016.
             Slain by a hobgoblin
             ... wielding a +0 club
              (5 damage)
             ... on level 1 of the Dungeon.
             The game lasted 00:01:56 (886 turns).

kroki the Scratcher (Felid Transmuter)               Turns: 886, Time: 00:01:57

Health: -3/12      AC:  1    Str:  6    XL:     2   Next: 31%
Magic:  4/6        EV: 18    Int: 14    God:
Gold:   50         SH:  0    Dex: 16    Spells: 1 memorised, 4 levels left
                                        Lives:  0   Deaths: 0

rFire  . . .     SeeInvis +       - Unarmed
rCold  . . .     Gourm    .     (armour unavailable)
rNeg   . . .     Faith    .     (shield unavailable)
rPois  .         Spirit   .     (helmet unavailable)
rElec  .         Reflect  .     (cloak unavailable)
rCorr  .         Harm     .     (gloves unavailable)
MR     .....                    (boots unavailable)
Stlth  ++........               (no amulet)
                                (no ring)
                                (no ring)

@: appendage (expiring), very slightly contaminated, quick
A: no armour, no weapons or thrown items, stealth, claws 1, fangs 3, horns 2,
see invisible, carnivore 3, speed 1, shaggy fur 1, slow metabolism 1, sharp paws
a: End Transformation


You were on level 1 of the Dungeon.
You were not hungry.
You had grown temporary horns.
You visited 1 branch of the dungeon, and saw 1 of its levels.

You collected 50 gold pieces.

Inventory:

Missiles
 a - 12 arrows
Books
 b - a book of Changes
Comestibles
 c - a meat ration {@e2}
 d - a slice of pizza


   Skills:
 - Level 1.0 Fighting
 - Level 2.6 Dodging
 + Level 1.1 Stealth
 * Level 3.6 Unarmed Combat
 - Level 2.0 Spellcasting
 - Level 2.1 Transmutations


You had 4 spell levels left.
You knew the following spells:

 Your Spells              Type           Power        Failure   Level  Hunger
a - Beastly Appendage     Tmut           #.....       12%         1    ##.....


Dungeon Overview and Level Annotations

Branches:
Dungeon (1/15)

Altars:


Innate Abilities, Weirdness & Mutations

You cannot wear armour.
You are incapable of wielding weapons or throwing items.
Your paws allow you to move quietly. (Stealth)
You have sharp claws.
You have razor-sharp teeth.
You have supernaturally acute eyesight. (SInv)
You are carnivorous and can eat meat at any time.
You cover ground quickly.
You are covered in fur. (AC +1)
You have a slow metabolism.
Your sharp claws are effective at attacking unaware monsters.
You have a pair of horns on your head.


Message History

MASSIVE DAMAGE!!
MP restored: 6 You closely miss the hobgoblin.
You claw the hobgoblin, but do no damage.
The hobgoblin drinks a potion.
The hobgoblin suddenly seems more agile.
A giant cockroach comes into view.
Things that are here:
2 stones; a kobold corpse You aren't carrying any items that you can evoke.
Unknown command.
You see here a scroll labeled SOFEPOKHL SOUR.
You see here a stone.
Your horns disappear.
You see here a stone.
Things that are here:
a rat skeleton; a kobold corpse You see here a dagger.
You see here 3 stones.
A rat comes into view.
You start resting.
You start resting.
The rat bites you.
* * * LOW HITPOINT WARNING * * *
You take 1 damage, and have 2/12 hp.
You scratch the rat.
You kill the rat!
Your Stealth skill increases to level 1!
You see here a rat corpse.
A hobgoblin is nearby!
You start resting.
You grow a pair of large bovine horns.
You now have 5/6 mp.
You aren't carrying any items that you can evoke.
You swing at nothing.
You barely miss the hobgoblin. The hobgoblin closely misses you.
You closely miss the hobgoblin. You headbutt the hobgoblin.
The hobgoblin closely misses you.
Unknown command.
Your transformation is almost over.
MP restored: 6 Your horns disappear.
You see here a rat corpse.
You start resting.
You see here a rat corpse.
You start resting.
You miscast Beastly Appendage.
You are very lightly contaminated with residual magic.
Multicoloured lights dance before your eyes!
You now have 5/6 mp.
You grow a pair of large bovine horns.
The hobgoblin misses you.
You now have 4/6 mp.
Unknown command.
You scratch the hobgoblin. The hobgoblin hits you.
* * * LOW HITPOINT WARNING * * *
You take 3 damage, and have 1/12 hp.
MASSIVE DAMAGE!!
You scratch the hobgoblin. The hobgoblin misses you.
You closely miss the hobgoblin.
Your transformation is almost over.
The hobgoblin closely misses you.
You scratch the hobgoblin.
You kill the hobgoblin!
The hobgoblin completely misses you.
Your horns disappear.
MP restored: 6 Your magical contamination has completely faded away.
You see here a rat corpse.
You start resting.
You see here a rat corpse.
You start resting.
A hobgoblin is nearby!
You start resting.
You see here a rat corpse.
You butcher the rat corpse.
You see here a chunk of flesh {@w0}.
There isn't anything to butcher here.
There isn't anything to butcher here.
There isn't anything to butcher here.
There isn't anything to butcher here.
You start resting.
You start resting.
You start resting.
You see here a chunk of flesh {@w0}.
You start resting.
You start resting.
A hobgoblin is nearby!
You miscast Beastly Appendage.
You are very lightly contaminated with residual magic.
Nothing appears to happen.
You now have 5/6 mp.
You grow a pair of large bovine horns.
The hobgoblin hits you with a club.
* * * LOW HITPOINT WARNING * * *
You take 3 damage, and have 2/12 hp.
MASSIVE DAMAGE!!
You now have 4/6 mp.
You scratch the hobgoblin. Your headbutt misses the hobgoblin.
Your transformation is almost over.
The hobgoblin hits you with a club.
You die...

### ##.# #.# .# #(##
#># ##.[# #.# #...#
#.# #♣..# #.# ♣..# #.#
# ♣..########.#####.#
#§ ♣...g@............#
##'###.#######..######
#....#..# #g##
#....'..# #.#
#<...'..# #.#
#(...#.g######%#
##'###.....g...#
#§#♣♣..########
#≈#♣...#


You could see a hobgoblin.

Vanquished Creatures
  2 giant cockroaches (D:1)
  2 goblins (D:1)
  2 hobgoblins (D:1)
  A bat (D:1)
  A frilled lizard (D:1)
  3 kobolds (D:1)
  3 rats (D:1)
14 creatures vanquished.

Notes
Turn   | Place    | Note
-------+----------+-------------------------------------------
     0 | D:1      | kroki the Felid Transmuter began the quest for the Orb.
     0 | D:1      | Reached XP level 1. HP: 9/9 MP: 4/4
   457 | D:1      | Reached XP level 2. HP: 6/12 MP: 4/6
   623 | D:1      | HP: 1/12 [hobgoblin/club (5)]
   690 | D:1      | HP: 2/12 [rat (1)]
   691 | D:1      | Reached skill level 1 in Stealth
   757 | D:1      | HP: 1/12 [hobgoblin (3)]
   885 | D:1      | HP: 2/12 [hobgoblin/club (3)]
   886 | D:1      | Slain by a hobgoblin

Skill      XL: |  1  2 |
---------------+-------+-----
Stealth        | 1 |  1.1
Fighting       | |  1.0
Dodging        | |  2.6
Unarmed Combat | |  3.6
Spellcasting   | |  2.0
Transmutations | |  2.1

Action                   || total
-------------------------++-------
Melee: Unarmed           ||    49
       Headbutt          ||     3
       Bite              ||     3
       Punch             ||     1
 Cast: Beastly Appendage ||     7
  Eat: Chunk             ||     3
Armor: Skin              ||     2
Dodge: Dodged            ||    37

Vault maps used:
D:1:      sevenhm_arrival_forest_fort_small_6, minivault_26

Table legend:
 A = Turns spent in this place as a percentage of turns spent in the entire game.
 B = Non-inter-level travel turns spent in this place as a percentage of non-inter-level travel turns spent in the entire game.
 C = Inter-level travel turns spent in this place as a percentage of turns spent in this place.
 D = Turns resting spent in this place as a percentage of non-inter-level travel turns spent in this place.
 E = Turns spent auto-exploring this place as a percentage of non-inter-level travel turns spent in this place.
 F = Non-inter-level travel turns spent in this place divided by the number of levels of this place that you've seen.
                   A       B       C       D       E      F
               +-------+-------+-------+-------+-------+----------------------
         Total | 100.0 | 100.0 |   0.0 |   6.4 |   2.8 | 499.0
       Dungeon | 100.0 | 100.0 |   0.0 |   6.4 |   2.8 | 499.0
               +-------+-------+-------+-------+-------+----------------------

Table legend:
 A = Kills in this place as a percentage of kills in entire the game.
 B = Kills by you in this place as a percentage of kills by you in the entire game.
 C = Kills by friends in this place as a percentage of kills by friends in the entire game.
 D = Other kills in this place as a percentage of other kills in the entire game.
 E = Experience gained in this place as a percentage of experience gained in the entire game.
 F = Experience gained in this place divided by the number of levels of this place that you have seen.
                   A       B       C       D       E      F
               +-------+-------+-------+-------+-------+----------------------
         Total | 100.0 | 100.0 |  -nan |  -nan | 100.0 |  21.0
       Dungeon | 100.0 | 100.0 |  -nan |  -nan | 100.0 |  21.0
               +-------+-------+-------+-------+-------+----------------------
